 Dungeon Crawl Stone Soup version 0.28-a0-1435-g82390b3a13 (webtiles) character file.

Game seed: 394419387588586211

27 Shayle the Grasshopper (level 3, -11/31 HPs)
             Began as a Gnoll Warper on Jan 9, 2022.
             Mangled by an iguana (13 damage)
             ... on level 2 of the Dungeon.
             The game lasted 00:03:11 (1261 turns).

Shayle the Grasshopper (Gnoll Warper)               Turns: 1261, Time: 00:03:11

Health: -11/31     AC:  3    Str: 10    XL:     3   Next: 10%
Magic:  9/9        EV: 12    Int: 14    God:
Gold:   59         SH:  0    Dex: 11    Spells: 12/12 levels left

rFire   . . .      SeeInvis .     - Unarmed
rCold   . . .      Faith    .   (no shield)
rNeg    . . .      Spirit   .   a - +0 leather armour
rPois   .          Reflect  .   (no helmet)
rElec   .          Harm     .   (no cloak)
rCorr   .          Rampage  .   (no gloves)
Will    .....                   (no boots)
Stlth   +.........              (no amulet)
HPRegen 0.10/turn               (no ring)
MPRegen 0.11/turn               (no ring)

@: no status effects
A: fangs 1, strong nose, distributed training
a: no special abilities


You were on level 2 of the Dungeon.
You visited 1 branch of the dungeon, and saw 3 of its levels.

You collected 59 gold pieces.

Inventory:

Missiles
 c - 3 boomerangs of dispersal (quivered)
 e - 3 silver javelins
 g - 15 poisoned darts
Armour
 a - a +0 leather armour (worn)
Scrolls
 d - a scroll of identify
Potions
 f - 2 potions of flight {unknown}


   Skills:
 + Level 4.5 Fighting
 + Level 0.6 Short Blades
 + Level 0.6 Long Blades
 + Level 0.6 Axes
 + Level 0.6 Maces & Flails
 + Level 0.6 Polearms
 + Level 0.6 Staves
 + Level 0.6 Slings
 + Level 0.6 Bows
 + Level 0.6 Crossbows
 + Level 2.5 Throwing
 + Level 2.5 Armour
 + Level 4.5 Dodging
 + Level 0.6 Stealth
 + Level 0.6 Shields
 + Level 4.5 Unarmed Combat
 + Level 5.0 Spellcasting
 + Level 0.4 Conjurations
 + Level 0.4 Hexes
 + Level 0.4 Summonings
 + Level 0.4 Necromancy
 + Level 5.4 Translocations
 + Level 0.4 Transmutations
 + Level 0.4 Fire Magic
 + Level 0.4 Ice Magic
 + Level 0.4 Air Magic
 + Level 0.4 Earth Magic
 + Level 0.4 Poison Magic
 + Level 0.8 Invocations
 + Level 0.6 Evocations


You had 12 spell levels left.
You didn't know any spells.
Your spell library contained the following spells:

 Spells                   Type           Power      Damage    Failure   Level
 Blink                    Tloc           36%        N/A       3%          2
 Gell's Gravitas          Tloc           18%        N/A       8%          3
 Lesser Beckoning         Tloc           18%        N/A       8%          3
 Teleport Other           Tloc           18%        N/A       8%          3
 Manifold Assault         Tloc           18%        N/A       56%         5


Dungeon Overview and Level Annotations

Branches:
Dungeon (3/15)

Altars:

Annotations:
D:2 Terence


Innate Abilities, Weirdness & Mutations

You have very sharp teeth.
Your uncanny sense of smell can sniff out nearby items.
Your experience applies equally to all skills.


Message History

You hit the iguana.
The iguana is heavily wounded.
The iguana bites you!
You barely miss the iguana.
The iguana is heavily wounded.
The iguana barely misses you.
You barely miss the iguana. Your bite misses the iguana.
The iguana is heavily wounded.
The iguana barely misses you.
You hit the iguana but do no damage. You bite the iguana, but do no damage.
The iguana is heavily wounded.
The iguana misses you.
You hit the iguana.
The iguana is almost dead.
You hit the iguana but do no damage. You punch the iguana, but do no damage.
The iguana is almost dead.
The iguana bites you.
* * * LOW HITPOINT WARNING * * *
You barely miss the iguana.
The iguana is almost dead.
The iguana bites you.
* * * LOW HITPOINT WARNING * * *
You barely miss the iguana.
The iguana is almost dead.
The iguana misses you.
You hit the iguana but do no damage.
The iguana is almost dead.
The iguana bites you.
* * * LOW HITPOINT WARNING * * *
You closely miss the iguana.
The iguana is almost dead.
The iguana barely misses you.
Throw: 4 boomerangs (disperse)
Press: ? - help, Q - select action, (/) - cycle Shift-Dir - straight line, f - iguana
Aim: an iguana (almost dead, 63% to hit)
You throw a boomerang of dispersal.
The boomerang of dispersal hits the iguana but does no damage.
The iguana is almost dead.
The iguana bites you!
You die...

.............######.# #
......#......# #.# #
.....##......## #.## # #
####..........## #..## # #. ∆
..#.........# ##..# # ## ##.#
##.#.........# ##># # ... ...#
#.#.........# #.##### ..##
#..##.#.........### #.##... ...#
#..#...).l@......# #.##... ...#
#..##.........#.# #.##...
...######.##.........#.####.##...
.................................
...<..)..............#..###.##...
...#####.............##.###.##...
...# #####........###..........
..## ##.....?####........## .###
#:...................#


You could see an iguana.

Vanquished Creatures
  An adder (D:2)
  An orc (D:2)
  2 endoplasms (D:1)
  3 goblins
  2 hobgoblins (D:1)
  A quokka (D:1)
  A frilled lizard (D:1)
  2 kobolds (D:1)
  3 rats (D:1)
16 creatures vanquished.

Notes
Turn   | Place    | Note
-------+----------+-------------------------------------------
     0 | D:1      | Shayle the Gnoll Warper began the quest for the Orb.
     0 | D:1      | Reached XP level 1. HP: 20/20 MP: 6/6
   260 | D:1      | Reached XP level 2. HP: 25/26 MP: 7/7
   735 | D:2      | Noticed Terence
   982 | D:2      | Reached skill level 5 in Spellcasting
   982 | D:2      | Reached XP level 3. HP: 12/31 MP: 7/9
  1261 | D:2      | Mangled by an iguana

Illustrated notes

Levels and vault maps discovered:
D:1:      nicolae_arrival_somewhat_less_tricky_arrival, layout_rooms
D:2:      layout_rooms, hellmonk_ecumenical_altar_inner_sanctum, uniq_terence
D:3:      layout_loops_ring, gammafunk_ghost_icy, minmay_diced_spiral

Skill      XL: |  1  2 |
---------------+-------+-----
Spellcasting   | 5 |  5.0
Fighting       | |  4.5
Short Blades   | |  0.6
Long Blades    | |  0.6
Axes           | |  0.6
Maces & Flails | |  0.6
Polearms       | |  0.6
Staves         | |  0.6
Slings         | |  0.6
Bows           | |  0.6
Crossbows      | |  0.6
Throwing       | |  2.5
Armour         | |  2.5
Dodging        | |  4.5
Stealth        | |  0.6
Shields        | |  0.6
Unarmed Combat | |  4.5
Conjurations   | |  0.4
Hexes          | |  0.4
Summonings     | |  0.4
Necromancy     | |  0.4
Translocations | |  5.4
Transmutations | |  0.4
Fire Magic     | |  0.4
Ice Magic      | |  0.4
Air Magic      | |  0.4
Earth Magic    | |  0.4
Poison Magic   | |  0.4
Invocations    | |  0.8
Evocations     | |  0.6

Action                   || total
-------------------------++-------
Melee: Unarmed           ||    61
       Bite              ||     4
       Punch             ||     1
Throw: Boomerang         ||     2
  Use: Scroll            ||     2
Armor: Leather armour    ||     9
Dodge: Dodged            ||    35

Table legend: (Time is in decaauts)
 A = Elapsed time spent in this place.
 B = Non-inter-level travel time spent in this place.
 C = Inter-level travel time spent in this place.
 D = Time resting spent in this place.
 E = Time spent auto-exploring this place.
 F = Levels seen in this place.
 G = Mean time per level.
                   A        B        C        D        E       F      G
               +--------+--------+--------+--------+--------+-----+--------+
         Total |   1258 |   1172 |     86 |    276 |    635 |   3 |  419.3 |
       Dungeon |   1258 |   1172 |     86 |    276 |    635 |   3 |  419.3 |
               +--------+--------+--------+--------+--------+-----+--------+

Top non-repeatable levels by time:
     D:1: 810 daAuts
     D:2: 442 daAuts
     D:3: 5 daAuts
